Map: At Eternity's Edge LE

Players

Classic

  • Race: Protoss Protoss
  • Spawn Location: 11:00

LiquidClem (Clem) - Winner!

  • Race: Terran Terran
  • Spawn Location: 5:00

VOD

Have the link to the VOD?

Description

Time

  • Played on: July 8, 2026, 9:15 a.m.
  • Length: 14:48
Show
View Real Time Build Order
Export as new Build Order

Classic Protoss 

Build Orders: 1 Gate Expand, Blink Stalkers, Colossus Rush 

Get SALT Encoding   

  8  0:00  Probe (Chrono Boost)  
  9  0:12  Probe (Chrono Boost)  
  10  0:20  Probe (Chrono Boost)  
  11  0:26  Probe  
  12  0:32  Pylon  
  12  0:39  Probe  
  13  0:51  Probe  
  13  0:55  Gateway  
  14  1:03  Probe (Chrono Boost)  
  15  1:04  Assimilator  
  15  1:13  Probe (Chrono Boost)  
  15  1:18  Probe (Chrono Boost)  
  17  1:29  Probe  
  18  1:43  Nexus  
  18  1:45  Probe  
  19  1:54  Cybernetics Core  
  19  1:58  Probe  
  20  2:04  Assimilator  
  20  2:10  Pylon  
  20  2:13  Probe  
  21  2:28  Probe  
  21  2:29  Stalker (Chrono Boost)  
  22  2:31  Warp Gate  
  24  2:40  Probe  
  25  2:47  Adept  
  27  2:54  Twilight Council  
  27  2:55  Probe (Chrono Boost)  
  27  2:57  Probe (Chrono Boost)  
  29  3:05  Probe (Chrono Boost)  
  31  3:07  Probe (Chrono Boost)  
  31  3:10  Probe (Chrono Boost)  
  33  3:20  Stalker  
  33  3:22  Probe (Chrono Boost)  
  33  3:23  Probe (Chrono Boost)  
  36  3:27  Probe (Chrono Boost)  
  36  3:28  Blink (Chrono Boost)  
  36  3:30  Probe (Chrono Boost)  
  38  3:37  Gateway  
  38  3:41  Probe x2  
  40  3:45  Pylon  
  40  3:53  Probe x2  
  42  3:57  Robotics Facility  
  42  4:03  Gateway  
  42  4:05  Probe  
  42  4:09  Assimilator  
  43  4:10  Probe  
  44  4:17  Probe  
  44  4:19  Pylon  
  44  4:22  Probe  
  46  4:25  Stalker  
  48  4:32  Probe  
  48  4:34  Probe  
  48  4:37  Stalker  
  52  4:45  Observer, Nexus  
  53  4:50  Pylon  
  53  4:51  Probe x2  
  55  4:56  Pylon  
  55  5:02  Robotics Bay  
  55  5:03  Observer  
  56  5:07  Probe  
  56  5:08  Probe  
  56  5:14  Charge (Chrono Boost)  
  58  5:21  Shield Battery  
  58  5:23  Gateway  
  58  5:24  Probe x2  
  58  5:25  Gateway  
  60  5:28  Gateway  
  60  5:33  Shield Battery  
  60  5:39  Probe x2  
  62  5:45  Gateway  
  62  5:46  Colossus (Chrono Boost)  
  68  5:52  Probe x2  
  70  5:57  Extended Thermal Lance  
  70  6:08  Probe x2  
  70  6:10  Pylon  
  70  6:11  Probe  
  71  6:23  Probe  
  71  6:24  Probe x2  
  74  6:27  Assimilator, Nexus  
  74  6:28  Pylon  
  74  6:29  Observer (Chrono Boost)  
  74  6:30  Forge  
  73  6:33  Forge  
  73  6:35  Sentry  
  75  6:42  Zealot x3  
  75  6:46  Stalker  
  83  6:50  Probe x3  
  86  7:00  Zealot x3  
  88  7:04  Colossus (Chrono Boost)  
  92  7:13  Zealot  
  92  7:15  Nexus  
  94  7:17  Pylon  
  94  7:19  Probe  
  94  7:20  Probe x2  
  93  7:23  Zealot, Protoss Ground Weapons Level 1 (Chrono Boost)  
  81  7:32  Zealot x5  
  81  7:34  Protoss Ground Armor Level 1 (Chrono Boost)  
  81  7:35  Pylon  
  81  7:36  Zealot  
  93  7:47  Pylon  
  93  7:48  Probe x2  
  93  7:49  Probe  
  93  7:50  Stalker  
  98  7:55  Stalker x5  
  108  8:02  Colossus (Chrono Boost)  
  112  8:12  Probe x3, Pylon  
  115  8:18  Gravitic Drive  
  115  8:19  Pylon  
  115  8:24  Probe x3  
  118  8:28  Gateway  
  118  8:32  Sentry, Zealot x5  
  118  8:33  Zealot  
  132  8:34  Pylon  
  132  8:36  Probe  
  132  8:37  Probe x3  
  136  8:44  Robotics Facility  
  136  8:46  Pylon, Warp Prism (Chrono Boost)  
  138  8:56  Pylon  
  138  8:59  Nexus  
  138  9:01  Probe x2  
  140  9:06  Protoss Ground Armor Level 2 (Chrono Boost)  
  139  9:10  Protoss Ground Weapons Level 2 (Chrono Boost)  
  139  9:13  Disruptor (Chrono Boost)  
  143  9:25  Gateway  
  143  9:26  Gateway  
  143  9:28  Zealot x4  
  143  9:29  Gateway  
  151  9:31  Gateway  
  151  9:34  Probe x4  
  151  9:38  Zealot  
  157  9:43  Disruptor (Chrono Boost)  
  157  9:45  Disruptor (Chrono Boost)  
  165  9:54  Zealot x3  
  165  9:58  Pylon  
  171  10:00  Pylon  
  171  10:02  Pylon  
  171  10:03  Pylon  
  171  10:06  Pylon  
  171  10:09  Pylon  
  171  10:11  Nexus  
  171  10:12  Pylon  
  165  10:16  Warp Prism (Chrono Boost)  
  165  10:17  Warp Prism (Chrono Boost)  
  167  10:25  Zealot x5  
  167  10:26  Zealot x6  
  144  10:53  Zealot x2  
  144  10:54  Zealot x10  
  144  10:55  Disruptor x2 (Chrono Boost)  
  136  11:17  Zealot x7  
  136  11:18  Zealot x5  
  147  11:29  Disruptor x2  
  155  11:44  Zealot  
  155  11:45  Zealot x11  
  149  12:05  Nexus  
  149  12:07  Disruptor x2 (Chrono Boost)  
  145  12:13  Sentry, Stalker x7  
  145  12:14  Stalker  
  150  12:31  Zealot x3  
  156  12:42  Disruptor x2 (Chrono Boost)  
  150  12:46  Nexus  
  150  12:47  Zealot x9  
  165  13:05  Zealot x3  
  167  13:10  Disruptor x2 (Chrono Boost), Pylon  
  135  13:25  Zealot x9  
  138  13:27  Zealot x3  
  122  13:44  Nexus  
  120  13:50  Zealot x8, Stalker x2  
  130  14:16  Zealot x8  
  90  14:26  Zealot x3  
  90  14:31  Zealot  
Show
View Real Time Build Order
Export as new Build Order

LiquidClem Terran - Winner!

Build Orders: Reaper Expand 

Get SALT Encoding   

  8  0:00  SCV  
  9  0:13  SCV  
  10  0:25  SCV  
  10  0:28  Supply Depot  
  11  0:37  SCV  
  12  0:49  SCV  
  13  0:52  Barracks  
  13  1:01  SCV  
  14  1:04  Refinery  
  14  1:13  SCV  
  16  1:25  SCV  
  16  1:40  Orbital Command  
  16  1:46  Reaper  
  17  2:05  Command Center  
  17  2:08  SCV  
  18  2:20  SCV  
  18  2:21  Barracks Reactor  
  19  2:23  Supply Depot  
  19  2:32  SCV  
  20  2:44  SCV  
  20  2:50  Command Center  
  21  2:56  SCV  
  21  2:57  Marine x2  
  24  3:08  SCV  
  24  3:09  Barracks  
  25  3:17  Orbital Command  
  25  3:19  Marine  
  26  3:20  Marine  
  26  3:24  SCV  
  28  3:36  SCV  
  28  3:37  Marine  
  28  3:38  Marine  
  28  3:39  Barracks  
  31  3:43  SCV  
  31  3:48  SCV  
  33  3:54  Marine  
  33  3:55  SCV  
  35  3:56  Marine, Barracks Tech Lab  
  35  4:01  SCV  
  35  4:02  Orbital Command  
  37  4:07  SCV  
  38  4:14  SCV, Refinery  
  38  4:15  Stimpack, Marine x2  
  38  4:16  Marine  
  42  4:19  SCV  
  43  4:26  SCV, Barracks Tech Lab  
  43  4:28  SCV, Supply Depot  
  45  4:31  SCV  
  45  4:33  Marine x2  
  45  4:35  Marine  
  49  4:41  SCV  
  49  4:43  SCV  
  49  4:44  Combat Shield  
  50  4:46  SCV, Marauder, Bunker  
  50  4:50  Supply Depot  
  50  4:52  Marine  
  54  4:53  Marine, SCV  
  54  4:55  SCV  
  54  4:57  Marine  
  54  4:59  SCV  
  59  5:02  Factory  
  59  5:05  SCV  
  59  5:06  Refinery  
  60  5:09  Supply Depot  
  60  5:11  Marauder  
  60  5:12  SCV  
  63  5:15  Marine x2  
  63  5:17  SCV  
  63  5:19  SCV, Refinery  
  67  5:22  Supply Depot  
  67  5:25  Marauder  
  67  5:26  SCV  
  70  5:32  Marauder  
  70  5:33  SCV, Supply Depot  
  70  5:34  SCV  
  74  5:37  Marine  
  74  5:38  Marine, SCV  
  77  5:45  Engineering Bay  
  77  5:46  Starport  
  77  5:47  Factory Reactor  
  77  5:48  Orbital Command  
  79  5:50  Marauder  
  79  5:55  Marine x2  
  79  5:56  SCV x2  
  85  5:57  Marauder  
  83  6:08  SCV x2  
  84  6:13  SCV  
  84  6:14  Marine x2, Concussive Shells  
  84  6:15  Marauder  
  84  6:17  Supply Depot, Terran Infantry Weapons Level 1  
  89  6:20  SCV x2  
  89  6:25  SCV  
  92  6:30  Marauder, Factory Reactor  
  92  6:32  SCV  
  95  6:34  Supply Depot  
  95  6:38  Marine x2, Medivac x2  
  95  6:39  SCV  
  102  6:41  Barracks  
  102  6:44  Barracks  
  102  6:48  SCV  
  102  6:52  Supply Depot  
  102  6:53  Supply Depot  
  103  6:55  Marine  
  103  6:56  SCV, Marauder, Marine  
  103  6:57  SCV  
  103  7:00  SCV  
  105  7:01  Marine  
  105  7:08  SCV, Medivac x2  
  100  7:13  Marine, SCV  
  100  7:14  SCV  
  100  7:15  Marine, Starport  
  103  7:18  Marauder, Supply Depot  
  103  7:20  SCV  
  98  7:23  Marine  
  98  7:26  SCV  
  92  7:31  Barracks Tech Lab, Barracks Reactor  
  92  7:32  Marauder  
  92  7:33  Refinery  
  92  7:34  Refinery  
  92  7:35  Marine  
  95  7:39  Marauder  
  95  7:42  Marine  
  95  7:43  Viking  
  100  7:44  Armory  
  100  7:45  SCV x3  
  100  7:48  Viking  
  105  7:52  Engineering Bay  
  105  7:53  Viking  
  105  7:55  Marine  
  105  7:57  SCV  
  109  7:59  Marauder  
  109  8:01  Marauder, SCV  
  109  8:03  Marine  
  114  8:06  Marauder  
  114  8:08  SCV, Supply Depot, Marine x2  
  114  8:12  Terran Infantry Armor Level 1  
  119  8:13  Bunker, Viking  
  119  8:14  Supply Depot  
  119  8:15  Marine  
  119  8:19  Viking, Supply Depot  
  124  8:21  Marauder  
  124  8:22  Marine  
  124  8:23  Ghost Academy  
  127  8:29  Marauder x2, Marine  
  127  8:30  Marine, Supply Depot  
  127  8:32  Supply Depot  
  133  8:34  Missile Turret, Terran Infantry Weapons Level 2  
  133  8:40  Marine, Viking x2  
  138  8:44  Supply Depot  
  138  8:48  Marine x2, Marauder  
  140  8:50  Marauder  
  144  8:55  Command Center  
  144  8:58  Supply Depot  
  144  8:59  Marine x2  
  146  9:07  Missile Turret  
  146  9:08  Ghost  
  146  9:09  Missile Turret, Ghost  
  152  9:11  Terran Ship Weapons Level 1, Supply Depot  
  152  9:14  Marine  
  152  9:16  Sensor Tower  
  153  9:18  Marine x2  
  153  9:20  Marine  
  153  9:23  Medivac x2  
  160  9:24  Supply Depot  
  160  9:25  Viking  
  160  9:26  Viking  
  166  9:31  Marauder  
  166  9:36  Barracks x2  
  166  9:38  Marine  
  166  9:40  Barracks  
  166  9:42  Marine x2  
  166  9:43  Marine  
  166  9:45  Ghost  
  173  9:50  Ghost  
  175  9:53  Marauder  
  177  10:02  Marine  
  178  10:14  Marauder  
  178  10:15  Marauder  
  178  10:19  Ghost  
  183  10:22  Terran Infantry Armor Level 2  
  183  10:23  Marine x2, Barracks Tech Lab  
  183  10:24  Barracks Tech Lab  
  183  10:26  Refinery  
  183  10:27  Sensor Tower  
  183  10:30  SCV  
  183  10:35  Marine, Marauder  
  185  10:36  Marauder  
  185  10:41  Medivac  
  185  10:42  Marauder  
  182  10:43  Marauder, Medivac  
  182  10:45  Marine  
  182  10:48  Marauder  
  166  10:50  Orbital Command  
  166  10:51  Marine x2  
  166  10:55  Medivac  
  161  10:57  Marauder  
  161  10:58  Marauder  
  161  11:03  Planetary Fortress, Marauder  
  160  11:05  Marauder  
  160  11:06  Marine  
  160  11:07  SCV  
  160  11:08  SCV  
  160  11:09  Marauder  
  166  11:12  Medivac  
  166  11:15  Medivac, Marine  
  166  11:16  SCV  
  173  11:18  Marauder  
  173  11:19  SCV  
  173  11:20  Marauder, SCV  
  173  11:22  Marine x2  
  176  11:26  Supply Depot  
  176  11:28  SCV  
  175  11:34  Barracks Tech Lab, Supply Depot  
  175  11:38  Marauder  
  175  11:39  Missile Turret, Marine x2  
  178  11:40  Marine  
  180  11:50  SCV  
  180  11:52  Marine  
  163  11:57  Marauder x2  
  163  11:59  SCV  
  151  12:03  Marauder  
  149  12:08  Marauder x2  
  149  12:09  Medivac  
  149  12:11  SCV  
  149  12:12  SCV, Viking  
  149  12:13  SCV  
  156  12:15  Missile Turret  
  156  12:17  Command Center, SCV  
  157  12:23  SCV  
  157  12:24  SCV, Ghost  
  157  12:25  SCV  
  157  12:26  Marine  
  157  12:29  SCV  
  164  12:33  Marine  
  164  12:35  SCV  
  164  12:36  Marine, SCV  
  168  12:38  Marauder  
  168  12:39  Marine  
  168  12:43  SCV, Refinery  
  172  12:45  Marine x3, Marauder  
  172  12:46  Marauder  
  179  12:51  Marine  
  179  12:54  Medivac  
  179  12:56  Marauder  
  184  13:02  Missile Turret  
  184  13:03  Liberator, Refinery  
  187  13:08  Liberator  
  190  13:19  Marine x2  
  185  13:20  Marauder x2  
  185  13:21  Marine  
  185  13:22  Marauder, Command Center  
  185  13:25  Medivac, Marine  
  187  13:28  Marauder  
  187  13:29  Medivac  
  190  13:39  SCV  
  191  13:46  SCV  
  191  13:47  Ghost  
  189  13:51  Marauder  
  189  13:53  Marauder  
  189  13:54  Marine  
  189  13:55  Marine  
  191  13:58  Marine  
  191  14:02  Marauder x2  
  190  14:04  Marauder  
  188  14:10  Marine  
  188  14:12  Marine  
  188  14:13  Marauder  
  188  14:14  Marauder  
  188  14:16  Marauder  
  188  14:17  Marine  
  174  14:19  Marine  
  174  14:23  Marauder  
  174  14:24  Marauder  
  172  14:25  Marine  
Tags
 
Add a new tag
Caveats
  • Supply blocks, unpowered buildings, or Contaminate may cause inaccurate times.
  • Supply counts are checked every 10 seconds.